 Dungeon Crawl Stone Soup version 0.22.1-2-g9c5b331 (webtiles) character file.

730 shamaniam the Ruffian (level 7, 0/67 HPs)
             Began as a Troll Transmuter on Dec 3, 2018.
             Was an Initiate of Ru.
             Slain by Joseph
             ... wielding a +2 quarterstaff of speed
              (4 damage)
             ... on level 7 of the Dungeon.
             The game lasted 00:12:59 (4222 turns).

shamaniam the Ruffian (Troll Transmuter)            Turns: 4222, Time: 00:13:00

Health: 0/67       AC:  6    Str: 24    XL:     7   Next: 44%
Magic:  9/9        EV: 15    Int:  9    God:    Ru [......]
Gold:   68         SH:  0    Dex: 12    Spells: 9/10 levels left

rFire    + . .     SeeInvis .     - Unarmed
rCold    . . .     Gourm    +   (no shield)
rNeg     . . .     Faith    .   f - +1 robe
rPois    .         Spirit   .   (helmet restricted)
rElec    .         Reflect  .   (no cloak)
rCorr    .         Harm     .   (gloves unavailable)
MR       .....                  (boots unavailable)
Stlth    +.........             (no amulet)
HPRegen  0.61/turn              p - ring of protection from fire
MPRegen  0.11/turn              s - +4 ring of evasion

@: mighty
A: large, unfitting armour, claws 3, fast metabolism 3, gourmand, regeneration
1, shaggy fur 1, tough skin 2
a: Renounce Religion


You were on level 7 of the Dungeon.
You worshipped Ru.
Ru was noncommittal.
You were very full.

You visited 2 branches of the dungeon, and saw 8 of its levels.

You collected 217 gold pieces.
You spent 149 gold pieces at shops.

Inventory:

Hand Weapons
 b - a +1 hunting sling of velocity
Missiles
 a - 91 arrows
 l - 8 javelins (quivered)
 m - 33 sling bullets
Armour
 f - a +1 robe (worn)
Jewellery
 p - a ring of protection from fire (left claw)
 s - a +4 ring of evasion (right claw)
Wands
 v - a wand of flame (13)
Scrolls
 c - 4 scrolls of identify
 e - 3 scrolls of enchant armour
 h - 5 scrolls of teleportation
 n - a scroll of blinking
 o - 2 scrolls of amnesia
 w - a scroll of summoning {unknown}
 x - 2 scrolls of remove curse
Potions
 g - 2 potions of curing
 i - a potion of heal wounds
 j - 2 potions of lignification
 k - a potion of might
 q - a potion of brilliance
 r - a potion of haste
 t - a potion of flight
Comestibles
 d - 8 rations


   Skills:
 * Level 3.6 Fighting
 + Level 1.8 Throwing
 + Level 2.9 Dodging
 * Level 5.1 Unarmed Combat
 - Level 2.0 Spellcasting
 + Level 2.5 Transmutations


You had 9 spell levels left.
You knew the following spells:

 Your Spells              Type           Power        Failure   Level  Hunger
a - Beastly Appendage     Tmut           #.....       12%         1    ##.....

Your spell library contained the following spells:

 Spells                   Type           Power        Failure   Level  Hunger
 Sticks to Snakes         Tmut           #.......     17%         2    ###....
 Spider Form              Tmut/Pois      #.........   52%         3    ####...
 Ice Form                 Ice/Tmut       #.......     89%         4    #####..
 Blade Hands              Tmut           #.........   97%         5    ######.


Dungeon Overview and Level Annotations

Branches:
Dungeon (6/15)             Temple (1/1) D:6

Altars:
Ashenzari
Cheibriados
Dithmenos
Elyvilon
Fedhas
Gozag
Hepliaklqana
Kikubaaqudgha
Makhleb
Nemelex Xobeh
Okawaru
Qazlal
Ru
Sif Muna
Trog
Uskayaw
Vehumet
Wu Jian
Xom
Yredelemnul
Zin
The Shining One

Shops:
D:4 [!*}*

Annotations:
D:7 Joseph


Innate Abilities, Weirdness & Mutations

You are too large for most types of armour.
You have claws for hands.
Your metabolism is lightning-fast.
You like to eat raw meat.
Your natural rate of healing is unusually fast.
You are covered in fur. (AC +1)
You have very tough skin. (AC +2)


Message History

You claw Joseph!
Joseph is heavily wounded.
Joseph misses you.
You scratch Joseph.
Joseph is heavily wounded.
Joseph closely misses you.
You claw Joseph!
Joseph is severely wounded.
Joseph barely misses you.
You claw Joseph! Your claw misses Joseph.
Joseph is almost dead.
Joseph hits you with an uncursed quarterstaff of speed!
* * * LOW HITPOINT WARNING * * *
You barely miss Joseph.
Joseph is almost dead.
Joseph hits you but does no damage.
You barely miss Joseph.
Joseph is almost dead.
Joseph hits you with an uncursed quarterstaff of speed.
You die...

#..........
#.........
#........ .
#....... ..
#...... ...
#..... ... ..
#..@# ..#
..###..@###..####
.......((........
.................
.................
+###.....##...###
##.....# ...#
#......##...#
#...........#
#...........#


You could see Joseph.

Vanquished Creatures
  A sky beast (D:5)
  A centaur (D:6)
  A howler monkey (D:4)
  2 hounds
  3 orc priests
  An iguana (D:4)
  Ijyb (D:5)
  6 orc wizards
  A worker ant (D:5)
  3 adders
  2 oozes
  A worm (D:3)
  A dart slug (D:4)
  3 leopard geckos
  16 orcs
  6 bats
  7 giant cockroaches
  5 hobgoblins
  8 jackals
  A quokka (D:3)
  A ball python (D:2)
  2 frilled lizards (D:4)
  5 goblins
  7 kobolds
  A leopard gecko skeleton (D:4)
  7 rats
93 creatures vanquished.

Notes
Turn   | Place    | Note
-------+----------+-------------------------------------------
     0 | D:1      | shamaniam the Troll Transmuter began the quest for the Orb.
     0 | D:1      | Reached XP level 1. HP: 18/18 MP: 1/1
    78 | D:1      | Reached skill level 1 in Fighting
   101 | D:1      | Reached XP level 2. HP: 20/27 MP: 2/2
   532 | D:2      | Reached XP level 3. HP: 32/33 MP: 4/4
   665 | D:2      | Reached XP level 4. HP: 23/42 MP: 5/5
   861 | D:2      | You fall through a shaft!
  1270 | D:2      | Reached XP level 5. HP: 13/49 MP: 6/6
  1282 | D:2      | HP: 2/49 [poisoned by an adder]
  1288 | D:2      | HP: 2/49 [poisoned by an adder]
  1293 | D:2      | HP: 2/49 [poisoned by an adder]
  1413 | D:2      | Reached skill level 4 in Unarmed Combat
  2168 | D:4      | Found Desacui's Antique Armour Boutique.
  2168 | D:4      | Found Tuiqo's Distillery.
  2178 | D:4      | Bought a potion of heal wounds for 70 gold pieces
  2178 | D:4      | Bought a potion of degeneration for 14 gold pieces
  2288 | D:4      | Found Tuczesed's Assorted Antiques.
  2293 | D:4      | Bought a smoky white potion for 17 gold pieces
  2510 | D:4      | Reached XP level 6. HP: 54/59 MP: 7/7
  2752 | D:4      | Found Decsoad's Assorted Antiques.
  2755 | D:4      | Bought a grey potion for 24 gold pieces
  2755 | D:4      | Bought a grey potion for 24 gold pieces
  2798 | D:4      | Found a hazy altar of Hepliaklqana.
  2800 | D:4      | Found a blossoming altar of Fedhas.
  2800 | D:4      | Found a shimmering altar of Xom.
  2802 | D:4      | Found a basalt altar of Yredelemnul.
  2802 | D:4      | Found a snail-covered altar of Cheibriados.
  2802 | D:4      | Found a shadowy altar of Dithmenos.
  2849 | D:4      | Found Eleasal's Gadget Shop.
  3034 | D:5      | Entered Level 5 of the Dungeon
  3074 | D:5      | Reached skill level 1 in Throwing
  3092 | D:5      | Noticed a sky beast
  3109 | D:5      | Killed a sky beast
  3309 | D:5      | Reached XP level 7. HP: 47/67 MP: 9/9
  3492 | D:5      | Noticed Ijyb
  3503 | D:5      | Killed Ijyb
  3814 | D:6      | Reached skill level 5 in Unarmed Combat
  3836 | D:6      | Found a staircase to the Ecumenical Temple.
  3849 | Temple   | Entered the Ecumenical Temple
  4087 | Temple   | Became a worshipper of Ru the Awakened
  4181 | D:6      | You fall through a shaft!
  4192 | D:7      | Noticed Joseph
  4212 | D:7      | Paralysed by Joseph for 4 turns
  4220 | D:7      | HP: 3/67 [Joseph/uncursed quarterstaff of speed (15)]
  4222 | D:7      | Slain by Joseph

Skill      XL: |  1  2  3  4  5  6  7 |
---------------+----------------------+-----
Fighting       | 1 2 3 |  3.6
Dodging        | 2 |  2.9
Unarmed Combat | 4 5 |  5.1
Transmutations | 2 |  2.5
Throwing       | 1 |  1.8
Spellcasting   | 2 |  2.0

Action                   |  1- 3 |  4- 6 |  7- 9 || total
-------------------------+-------+-------+-------++-------
Melee: Unarmed           |    90 |   195 |    56 ||   341
       Punch             |     1 |     2 |     1 ||     4
  Use: Scroll            |       |    12 |       ||    12
       Potion            |       |     1 |     2 ||     3
 Stab: Sleeping          |     1 |       |       ||     1
  Eat: Chunk             |    11 |    23 |     9 ||    43
Armor: Robe              |    29 |   107 |    14 ||   150
Dodge: Dodged            |    48 |   130 |    26 ||   204
